 Dungeon Crawl Stone Soup version 0.29.1-2-gbd0b4ee654 (webtiles) character file.

Game seed: 8179775330929715210

1526 Icepheonix32 the Cleaver (level 8, 0/73 HPs)
             Began as a Minotaur Fighter on Oct 24, 2022.
             Slain by a gnoll
             ... wielding a +0 halberd
             ... led by a gnoll bouda
              (9 damage)
             ... on level 6 of the Dungeon.
             The game lasted 00:06:31 (4001 turns).

Icepheonix32 the Cleaver (Minotaur Fighter)         Turns: 4001, Time: 00:06:33

Health: 0/73       AC:  9    Str: 26    XL:     8   Next: 54%
Magic:  7/7        EV:  6    Int:  3    God:
Gold:   307        SH:  0    Dex: 11    Spells: 7/7 levels left

rFire   . . .      SeeInvis .   a - +0 war axe (spect)
rCold   . . .      Faith    .   c - +0 buckler
rNeg    . . .      Spirit   .   p - +2 ring mail "Fekkaity" {Regen+ rCorr Str+4 Int-4}
rPois   .          Reflect  +   (helmet restricted)
rElec   .          Harm     .   (no cloak)
rCorr   +          Rampage  +   (no gloves)
Will    .....                   e - +0 pair of boots
Stlth   +.........              w - amulet of Aboc {Reflect Rampage Fly Str+2 Slay+2 SH+5}
HPRegen 1.02/turn               i - ring of wizardry
MPRegen 0.10/turn               (no ring)

@: mighty, flying, held
A: horns 2, retaliatory headbutt
a: no special abilities


You were on level 6 of the Dungeon.
You visited 1 branch of the dungeon, and saw 6 of its levels.

You collected 307 gold pieces.

Inventory:

Hand Weapons
 a - a +0 spectral war axe (weapon)
Armour
 b - a +0 scale mail
 c - a +0 buckler (worn)
 e - a +0 pair of boots (worn)
 p - the +2 ring mail "Fekkaity" (worn) {Regen+ rCorr Str+4 Int-4}
   (You found it on level 4 of the Dungeon)

   Str:       It affects your strength (+4).
   Int:       It affects your intelligence (-4).
   Regen:     It increases your rate of health regeneration.
   rCorr:     It protects you from acid and corrosion.
Jewellery
 i - a ring of wizardry (left hand)
 k - an amulet of magic regeneration
 w - the amulet of Aboc (around neck) {Reflect Rampage Fly Str+2 Slay+2 SH+5}
   (You found it on level 5 of the Dungeon)

   [amulet of reflection]

   It reflects blocked missile attacks.
   Str:       It affects your strength (+2).
   Slay:      It affects your accuracy & damage with ranged weapons and melee
   (+2).
   Fly:       It grants you flight.
   SH:        It affects your SH (+5).
   Rampage:   It bestows one free step when moving towards enemies.
Wands
 x - a wand of flame (31)
Scrolls
 g - a scroll of vulnerability {unknown}
 n - a scroll of immolation {unknown}
 o - a scroll of noise {unknown}
 q - a scroll of fog {unknown}
 v - a scroll of brand weapon
Potions
 h - 2 potions of flight {unknown}
 j - 2 potions of heal wounds {unknown}
 l - a potion of ambrosia
 m - a potion of degeneration {unknown}
 r - 3 potions of lignification {unknown}
 t - a potion of brilliance {unknown}
 u - a potion of cancellation {unknown}


   Skills:
 * Level 7.2 Fighting
 + Level 8.7 Axes
 + Level 6.3 Armour
 + Level 2.9 Dodging
 + Level 0.4 Stealth
 + Level 5.4 Shields


You had 7 spell levels left.
You didn't know any spells.
Your spell library contained the following spells:

 Spells                   Type           Power      Damage    Failure   Level
 Blink                    Tloc           0%         N/A       52%         2
 Ensorcelled Hibernation  Hex/Ice        0%         N/A       52%         2
 Lesser Beckoning         Tloc           0%         N/A       77%         3
 Spider Form              Tmut/Pois      0%         N/A       77%         3
 Anguish                  Hex/Necr       0%         N/A       98%         4
 Manifold Assault         Tloc           0%         N/A       100%        5


Dungeon Overview and Level Annotations

Branches:
Dungeon (6/15)
 Temple: D:4-7

Altars:
Qazlal
Trog
Zin

Shops:
D:5 *

Annotations:
D:3 3 runed translucent doors, Anandil's ghost, amateur DrFE; Icepheonix32's ghost, amateur MiFi


Innate Abilities, Weirdness & Mutations

You have a pair of horns on your head.
You reflexively headbutt those who attack you in melee.


Message History

The scorpion completely misses you. The gnoll closely misses you.
Unknown command.
You struggle against the net.
You feel sick. The kobold hits you with a +0 whip.
The gnoll hits you but does no damage. The scorpion barely misses you.
You furiously retaliate!
You headbutt the scorpion!
The gnoll hits you from afar with a +0 spear.
As you read the scroll labelled KEMOARE IPIRE, it crumbles to dust.
Your body is wracked with pain!
* * * LOW HITPOINT WARNING * * *
The gnoll convulses!
The kobold convulses!
The kobold brigand convulses!
The gnoll convulses!
The orc convulses!
The kobold convulses!
It was a scroll of torment.
You feel sick. The scorpion stings you.
* * * LOW HITPOINT WARNING * * *
The kobold hits you but does no damage.
The kobold brigand hits you with a +0 dagger.
* * * LOW HITPOINT WARNING * * *
The gnoll barely misses you.
The gnoll hits you from afar with a +0 spear.
* * * LOW HITPOINT WARNING * * *
You feel better. The scorpion stings you.
* * * LOW HITPOINT WARNING * * *
The kobold barely misses you.
The gnoll hits you from afar with a +0 halberd.
* * * LOW HITPOINT WARNING * * *
The gnoll hits you from afar with a +0 spear.
* * * LOW HITPOINT WARNING * * *
The scorpion stings you.
* * * LOW HITPOINT WARNING * * *
You are poisoned.
The scorpion poisons you!
Unknown command.
You feel better.
The gnoll is no longer moving quickly.
The kobold hits you with a +0 whip.
* * * LOW HITPOINT WARNING * * *
The kobold brigand hits you but does no damage.
The kobold barely misses you. You furiously retaliate!
You headbutt the kobold!
You kill the kobold!
The gnoll hits you from afar with a +0 halberd!
You die...

# #.# #.#######.#
####### ####.......#.#
....... ...#
#......####....... ...#
#.##.#............ ...#
#.##.#.####.......
...####'##.#.#..........
...#.....#.#.#.#)....##+
...............)@Kg.....
...#...........sK)g.....
...+.......#.###o#K.....
...#.......#.# .K.......
...#.......#.# .......##
######.....#.#........+
#### #.....#.#........#
.... +.....#.#......###
###. .....#


You could see a kobold brigand, a scorpion, 2 gnolls, an orc and 3 kobolds.

Vanquished Creatures
  A water moccasin (D:5)
  A black bear (D:5)
  2 orc warriors
  An ice beast (D:5)
  A centaur (D:6)
  3 ogres
  A phantom (D:6)
  Blork the orc (D:5)
  A kobold brigand (D:6)
  A hound (D:5)
  An orc priest (D:4)
  A gnoll bouda (D:6)
  Ijyb (D:5)
  4 iguanas
  3 orc wizards
  Robin (D:3)
  4 adders
  2 gnolls (D:6)
  A shadow imp (D:6)
  2 ufetubi
  3 worms
  17 orcs
  7 endoplasms
  2 giant cockroaches (D:4)
  15 goblins
  10 hobgoblins
  6 jackals (D:1)
  11 kobolds
  A quokka (D:2)
  9 ball pythons
  5 bats
  4 frilled lizards
  3 rats (D:2)
126 creatures vanquished.

Vanquished Creatures (others)
  6 withered plants (D:3)
6 creatures vanquished.

Grand Total: 132 creatures vanquished

Notes
Turn   | Place    | Note
-------+----------+-------------------------------------------
     0 | D:1      | Icepheonix32 the Minotaur Fighter began the quest for the
                  | Orb.
     0 | D:1      | Reached XP level 1. HP: 19/19 MP: 0/0
     0 | D:1      | Noticed a merfolk zombie
     6 | D:1      | Noticed a merfolk zombie
     9 | D:1      | Noticed a minotaur zombie
    15 | D:1      | Noticed a merfolk zombie
    19 | D:1      | Noticed a minotaur zombie
   256 | D:1      | Reached XP level 2. HP: 22/27 MP: 1/1
   339 | D:1      | Found a faded altar of an unknown god.
   704 | D:1      | Reached skill level 3 in Axes
   907 | D:2      | Reached XP level 3. HP: 33/33 MP: 2/2
  1171 | D:2      | Found a bloodstained altar of Trog.
  1645 | D:3      | Reached XP level 4. HP: 31/41 MP: 3/3
  1784 | D:3      | Found a runed translucent gate.
  1784 | D:3      | Found a runed translucent gate.
  1784 | D:3      | Found a runed translucent gate.
  1784 | D:3      | Noticed Robin
  1790 | D:3      | Killed Robin
  1791 | D:3      | Reached skill level 1 in Dodging
  1791 | D:3      | Noticed Anandil's ghost (amateur DrFE)
  1791 | D:3      | Noticed Icepheonix32's ghost (amateur MiFi)
  1976 | D:3      | Found a glowing silver altar of Zin.
  2022 | D:3      | Reached skill level 4 in Axes
  2282 | D:4      | Identified the +2 ring mail "Fekkaity" {Regen+ rCorr Str+4
                  | Int-4}
  2407 | D:4      | Reached XP level 5. HP: 47/47 MP: 4/4
  2533 | D:4      | Reached skill level 5 in Fighting
  2605 | D:4      | Identified the +2 robe "Bilatoto" {rN++ Str-4 Int+2}
  2654 | D:4      | Noticed an orc warrior
  2662 | D:4      | Killed an orc warrior
  2663 | D:4      | Reached skill level 5 in Axes
  2663 | D:4      | Reached skill level 5 in Armour
  2663 | D:4      | Reached XP level 6. HP: 20/56 MP: 5/5
  2995 | D:5      | Entered Level 5 of the Dungeon
  3062 | D:5      | Found a stormy altar of Qazlal.
  3118 | D:5      | Noticed Ijyb
  3127 | D:5      | Killed Ijyb
  3132 | D:5      | Reached skill level 6 in Axes
  3132 | D:5      | Reached XP level 7. HP: 47/61 MP: 6/6
  3135 | D:5      | Identified the amulet of Aboc {Reflect Rampage Fly Str+2
                  | Slay+2 SH+5}
  3458 | D:5      | Found Fackanwicirch's Overcharged Wands.
  3531 | D:5      | Noticed Blork the orc
  3539 | D:5      | Killed Blork the orc
  3540 | D:5      | Reached skill level 7 in Axes
  3540 | D:5      | Reached skill level 5 in Shields
  3671 | D:5      | Reached XP level 8. HP: 71/71 MP: 7/7
  3836 | D:5      | Reached skill level 8 in Axes
  4001 | D:6      | Slain by a gnoll

Illustrated notes

Levels and vault maps discovered:
D:1:      shiori_arrival_whats_in_store_for_you, layout_loops_ring,
          dreamdust_ecumenical_altar_angels_and_demons
D:2:      layout_loops_ring, basic_altar
D:3:      minmay_wonky_spiral, layout_rooms, zin_scriptorium,
          gammafunk_ghost_cemetery, uniq_robin
D:4:      layout_loops_ring, kennysheep_doodads
D:5:      layout_basic, amcnicky_altar_gilded, nicolae_shop_overcharged_wands,
          uniq_blork_the_orc, uniq_ijyb
D:6:      layout_basic, fedhas_bush_and_centaur_altar,
          nicolae_wu_jian_immortal_techniques, minmay_temple_entry_offerings

Skill      XL: |  1  2  3  4  5  6  7  8 |
---------------+-------------------------+-----
Fighting       | 4 5 6 7 |  7.2
Axes           | 3 4 5 6 7 8 |  8.7
Armour         | 4 5 6 |  6.3
Shields        | 4 5 |  5.4
Dodging        | 1 2 |  2.9
Stealth        | |  0.4

Action                   |  1- 3 |  4- 6 |  7- 9 || total
-------------------------+-------+-------+-------++-------
Melee: War axe           |    70 |    71 |    48 ||   189
       Headbutt          |     8 |    10 |    14 ||    32
  Use: Scroll            |     4 |       |     2 ||     6
       Potion            |       |     2 |     3 ||     5
Armor: Scale mail        |    51 |    10 |       ||    61
       Ring mail         |       |    12 |    30 ||    42
Dodge: Dodged            |    42 |    34 |    30 ||   106
Block: Buckler           |    30 |    13 |    22 ||    65
       Reflection        |       |       |     2 ||     2
